 Dungeon Crawl Stone Soup version 0.30.1-11-g7821555f0a (webtiles) character file.

Game seed: 11402210835778772275

179 SacredBeard the Grave Robber (level 5, -2/37 HPs)
             Began as a Demonspawn Necromancer on Nov 5, 2023.
             Killed by divine providence
             ... invoked by an orc priest
              (10 damage)
             ... on level 4 of the Dungeon.
             The game lasted 00:07:17 (3462 turns).

SacredBeard the Grave Robber (DsNe)                 Turns: 3462, Time: 00:07:18

Health: -2/37      AC:  4    Str:  8    XL:     5   Next: 32%
Magic:  2/9        EV: 12    Int: 16    God:
Gold:   208        SH:  0    Dex: 16    Spells: 8/9 levels left

rFire   . . .        a - +0 long sword
rCold   . . .        (no shield)
rNeg    . . .        g - +0 leather armour
rPois   .            (helmet restricted)
rElec   .            (no cloak)
rCorr   .            d - +0 pair of gloves
SInv    .            (no boots)
Will    .....        (no amulet)
Stlth   ++           (no ring)
HPRegen 0.26/turn    (no ring)
MPRegen 0.11/turn

%: no passive effects
@: no status effects
A: horns 1, spiny 1
a: no special abilities


You were on level 4 of the Dungeon.
You visited 1 branch of the dungeon, and saw 4 of its levels.

You collected 208 gold pieces.

Inventory:

Hand Weapons
 a - a +0 long sword (weapon)
Missiles
 c - 28 stones
 o - 6 boomerangs
 q - a throwing net
 r - 3 poisoned darts
 u - 3 javelins
Armour
 d - a +0 pair of gloves (worn)
 g - a +0 leather armour (worn)
 w - a +7 chain mail of ponderousness
Scrolls
 f - a scroll of brand weapon {unknown}
 h - a scroll of fog {unknown}
 i - a scroll of magic mapping {unknown}
 j - a scroll of summoning {unknown}
 k - 5 scrolls of identify {unknown}
 m - 2 scrolls of immolation {unknown}
 p - a scroll of poison {unknown}
Potions
 b - a potion of magic
 e - 2 potions of attraction {unknown}
 l - 2 potions of degeneration {unknown}
 n - 3 potions of curing {unknown}
 s - a potion of heal wounds {unknown}
 t - a potion of haste {unknown}
 v - a potion of resistance {unknown}


   Skills:
 + Level 1.6 Fighting
 + Level 0.4 Throwing
 + Level 1.4 Armour
 - Level 2.0 Dodging
 + Level 2.5 Stealth
 + Level 2.7 Spellcasting
 * Level 5.5 Necromancy


You had 8 spell levels left.
You knew the following spells:

 Your Spells              Type           Power      Damage    Failure   Level
a - Necrotise             Necr           80%        1d8       2%          1

Your spell library contained the following spells:

 Spells                   Type           Power      Damage    Failure   Level
 Vampiric Draining        Necr           20%        2d7       9%          3
 Animate Dead             Necr           20%        N/A       26%         4
 Agony                    Necr           20%        N/A       58%         5


Dungeon Overview and Level Annotations

Branches:
Dungeon (4/15) Zot: 20525
 Temple: D:4-7

Altars:

Shops:
D:3 [


Innate Abilities, Weirdness & Mutations

You have a pair of small horns on your head.
You are partially covered in sharp spines.


Message History

You are too injured to fight recklessly!
You are too injured to fight recklessly!
Casting: Necrotise (safe; 2% risk of failure)
Confirm with . or Enter, or press ? or * to list all spells.
Aiming: Necrotise (safe; 2% risk of failure)
Press: ? - help, Shift-Dir - straight line, f - orc
Aim: an orc, wielding a +0 club and wearing a +7 chain mail of ponderousness (chance to affect: 89%)
The orc writhes in agony.
The orc priest looks braver for a moment.
Casting: Necrotise (safe; 2% risk of failure)
Confirm with . or Enter, or press ? or * to list all spells.
Aiming: Necrotise (safe; 2% risk of failure)
Press: ? - help, Shift-Dir - straight line, f/p - orc
Aim: an orc, wielding a +0 club and wearing a +7 chain mail of ponderousness (severely wounded, chance to affect: 89%)
The orc writhes in agony.
You kill the orc!
The dead are walking!
The orc priest hits your orc skeleton with a +0 short sword.
The orc barely misses your orc skeleton.
The orc priest mumbles some strange prayers to Beogh against you.
Beogh smites you!
You hear the rusting of a drain nearby.
You hear the hiss of a very distant avalanche of sand.
Your orc skeleton hits the orc priest but does no damage.
The orc barely misses your orc skeleton.
The orc priest hits your orc skeleton with a +0 short sword.
Your orc skeleton is destroyed!
Items here: $ ) ? [.
w - a +7 chain mail of ponderousness
m - 2 scrolls labelled TAPRIYJEOC (gained 1)
You now have 208 gold pieces (gained 10).
The orc priest invokes the aid of Beogh against you.
Beogh smites you!
* * * LOW HITPOINT WARNING * * *
There is a stone staircase leading down here.
You see here a giant cockroach corpse.
You can't go up here!
The orc priest mumbles some strange prayers to Beogh against you.
Beogh smites you!
You die...

.# .## ... ..# #
#.#.# #.#.# ##.#)#
#########.@..#
#....).......#
#.#####.######....$#
#........o...o.....#
#######.######.....#
#.# #....)# #.#
####### #######.#
........#


You could see an orc priest.

Vanquished Creatures
  A hound (D:4)
  3 gnolls (D:3)
  5 adders
  A worm (D:2)
  3 orcs (D:4)
  5 endoplasms
  3 giant cockroaches
  8 hobgoblins
  6 jackals
  5 kobolds
  3 quokkas
  6 ball pythons
  4 bats
  A frilled lizard (D:2)
  3 goblins
  3 rats (D:1)
60 creatures vanquished.

Vanquished Creatures (collateral kills)
  A dart slug (D:1)
  An endoplasm (D:2)
  A ball python (D:1)
3 creatures vanquished.

Grand Total: 63 creatures vanquished

Notes
Turn   | Place    | Note
-------+----------+-------------------------------------------
     0 | D:1      | SacredBeard the Demonspawn Necromancer began the quest for
                  | the Orb.
     0 | D:1      | Reached XP level 1. HP: 13/13 MP: 3/3
   271 | D:1      | Gained mutation: You are partially covered in sharp spines.
                  | [demonic ancestry]
   271 | D:1      | Reached XP level 2. HP: 19/19 MP: 1/5
   987 | D:2      | Discovered your monstrous ancestry.
   987 | D:2      | Gained mutation: You have a pair of small horns on your
                  | head. [demonic ancestry]
   987 | D:2      | Reached XP level 3. HP: 25/25 MP: 1/6
  1052 | D:2      | Found a faded altar of an unknown god.
  1470 | D:2      | Reached skill level 5 in Necromancy
  2246 | D:3      | Reached skill level 1 in Fighting
  2279 | D:3      | Reached skill level 1 in Armour
  2279 | D:3      | Reached XP level 4. HP: 32/32 MP: 2/7
  2373 | D:3      | Noticed an animated pearl dragon scales
  2374 | D:3      | Found Tivve's Armour Boutique.
  2375 | D:3      | Noticed an animated crystal plate armour
  3288 | D:4      | Reached XP level 5. HP: 37/37 MP: 5/8
  3462 | D:4      | Killed from afar by an orc priest

Illustrated notes

Levels and vault maps discovered:
D:1:      lightli_arrival_isolated_outpost, layout_loops_ring
D:2:      layout_basic, ebering_ecumenical_altar_sacrificial,
          nrook_mini_backslash
D:3:      layout_basic, serial_shops, nicolae_shop_mannequins,
          grunt_decor_resistance, hangedman_abyss_or_decor_stabs
D:4:      layout_loops_ring, mainiacjoe_overflow_catch_the_wave,
          nicolae_ossuary_entry_giza, lightli_sewer_entry_pipes,
          serial_bayou_pond_e

Skill      XL: |  1  2  3 |
---------------+----------+-----
Dodging        | 2 |  2.0
Stealth        | 2 |  2.5
Necromancy     | 5 |  5.5
Fighting       | 1 |  1.6
Armour         | 1 |  1.4
Throwing       | |  0.4
Spellcasting   | |  2.7

Action                     |  1- 3 |  4- 6 || total
---------------------------+-------+-------++-------
  Melee: Unarmed           |    38 |       ||    38
         Long sword        |     5 |     5 ||    10
         Headbutt          |       |     3 ||     3
   Cast: Necrotise         |    64 |    48 ||   112
 Armour: Robe              |     6 |       ||     6
         Leather armour    |     1 |       ||     1
  Dodge: Dodged            |    36 |    11 ||    47
